 Dungeon Crawl Stone Soup version 0.29.1-1-gd02db6906a (webtiles) character file.

Game seed: 13938494171318001743

2333 hawla the Destroyer (level 10, -4/72 HPs)
             Began as a Meteoran Conjurer on Oct 8, 2022.
             Was a Believer of Vehumet.
             Slain by a yak (12 damage)
             ... on level 8 of the Dungeon.
             The game lasted 00:19:26 (4067 turns).

hawla the Destroyer (Meteoran Conjurer)             Turns: 4067, Time: 00:19:27

Health: -4/72      AC:  4    Str:  9    XL:     10   Next: 1%
Magic:  14/22      EV: 14    Int: 37    God:    Vehumet [**....]
Gold:   318        SH:  0    Dex: 12    Spells: 4/24 levels left

rFire   . . .      SeeInvis .   (no weapon)
rCold   . . .      Faith    .   (no shield)
rNeg    . . .      Spirit   .   a - +0 robe
rPois   .          Reflect  .   (no helmet)
rElec   .          Harm     .   (no cloak)
rCorr   .          Rampage  .   i - +1 pair of gloves
Will    +....                   (no boots)
Stlth   +.........              (no amulet)
HPRegen 0.22/turn               e - +6 ring of intelligence
MPRegen 0.18/turn               d - +6 ring of intelligence

@: confused, ambrosia-drunk, glowing
A: sense surroundings 2, otherworldly, glowing, explore regen
a: Renounce Religion


You were on level 8 of the Dungeon.
You worshipped Vehumet.
Vehumet was pleased with you.
You visited 1 branch of the dungeon, and saw 8 of its levels.

You collected 318 gold pieces.

Inventory:

Armour
 a - a +0 robe (worn)
 i - a +1 pair of gloves (worn)
Jewellery
 d - a +6 ring of intelligence (right hand)
 e - a +6 ring of intelligence (left hand)
Wands
 o - a wand of flame (8)
Scrolls
 k - a scroll of silence
 m - 2 scrolls of identify
Potions
 c - a potion of haste {unknown}
 g - a potion of attraction {unknown}
 h - a potion of mutation {unknown}
 j - a potion of resistance {unknown}
 l - a potion of flight
 n - a potion of cancellation {unknown}


   Skills:
 + Level 1.5 Fighting
 + Level 5.6 Dodging
 - Level 1.4 Stealth
 + Level 7.7 Spellcasting
 + Level 9.9 Conjurations
 + Level 2.5 Necromancy
 + Level 4.5 Translocations
 + Level 4.1 Air Magic
 + Level 2.0 Poison Magic


You had 4 spell levels left.
You knew the following spells:

 Your Spells              Type           Power      Damage    Failure   Level
a - Magic Dart            Conj           100%       1d8       1%          1
b - Searing Ray           Conj           100%       2d8       1%          2
c - Iskenderun's Mystic   Conj/Tloc      62%        2d13      1%          4
d - Vampiric Draining     Necr           33%        2d8       2%          3
e - Airstrike             Air            22%        2d(4-20)  4%          4
f - Olgreb's Toxic Radia  Pois           29%        N/A       12%         4
g - Scorch                Fire           28%        2d6       4%          2

Your spell library contained the following spells:

 Spells                   Type           Power      Damage    Failure   Level
 Shock                    Conj/Air       100%       1d9       1%          1
 Dazzling Flash           Conj/Hex       100%       N/A       1%          3
 Swiftness                Air            45%        N/A       1%          3
 Slow                     Hex            56%        N/A       2%          1
 Fulminant Prism          Conj/Hex       25%        3d14      3%          4
 Ensorcelled Hibernation  Hex/Ice        28%        N/A       4%          2
 Spider Form              Tmut/Pois      21%        N/A       5%          3
 Confusing Touch          Hex            14%        N/A       9%          3
 Anguish                  Hex/Necr       11%        N/A       16%         4
 Ozocubu's Refrigeration  Ice            7%         4d9       100%        7
 Ignition                 Fire           7%         3d4       100%        8


Dungeon Overview and Level Annotations

Branches:
Dungeon (8/15) Zot: 732    Temple (0/1) D:7
   Lair: D:8-11

Altars:
Elyvilon
Gozag
Makhleb
Trog
Vehumet

Shops:
D:3 (

Annotations:
D:5 Pikel
D:8 1 transporter


Innate Abilities, Weirdness & Mutations

You passively map the area around you.
You are easily found by Zot.
You glow in the dark.
You regain HP and MP as you explore.


Message History

You kill the orc wizard!
Vehumet accepts your kill.
The mystic blast hits the yak!!
The yak is severely wounded.
The yak is knocked back by the mystic blast.
The yak slams into the translucent stone wall!
The yak is almost dead.
The mystic blast hits the yak!!
The yak is almost dead.
The yak is knocked back by the mystic blast.
The mystic blast hits the yak!
The yak is severely wounded.
The centaur shoots an arrow.
The arrow closely misses you. The yak barely misses you.
It was a potion of ambrosia.
You are confused.
You feel invigorated.
The yak is no longer more vulnerable to fire.
A wight comes into view. It is wielding a +4 dagger.
The yak barely misses you. The yak closely misses you.
You miss the orc.
The orc is almost dead.
You kill the orc!
Vehumet accepts your kill. The orc warrior closely misses you.
The yak gores you.
The centaur unwields a +0 shortbow.
The centaur hits you but does no damage.
The centaur barely misses you. The yak gores you.
You barely miss the orc warrior.
The orc warrior is severely wounded.
The orc warrior hits you with a +0 war axe!
* * * LOW HITPOINT WARNING * * *
The wight hits you from afar with a +5 spear!
* * * LOW HITPOINT WARNING * * *
A wight comes into view. It is wielding a +0 long sword.
The centaur closely misses you. The centaur barely misses you.
The yak gores you.
* * * LOW HITPOINT WARNING * * *
The yak gores you!
You die...

, ,, * ,*, ,,, ,
, , 8...
#..#z.... , ,, ,
, *#...##..#....
, , ,
,........#..z,,,,
, , .......W#..
,, , *
#########.# , , ,
..©....zz.# ##. ,
* ,
,,......YYo#./...
, , * , ,
.....Y.@c.o....,
.#.#####Y...... *
, ....... * * * ,
* * * ##..... , ,
* ##... , , , , ,
,* * * .. , * * *
* *,, .,,, , * ,
, * , , , ,, , ,
,


You could see 4 yaks, an orc warrior (poisoned), a phantom, a centaur (very
poisoned), 4 wights and an orc.

Vanquished Creatures
  Sigmund (D:3)
  Menkaure (D:7)
  A water moccasin (D:7)
  An ice beast (D:6)
  A sky beast (D:7)
  A black bear (D:7)
  An ogre (D:5)
  3 centaurs
  2 phantoms
  A bullfrog (D:7)
  A necrophage (D:6)
  A scorpion (D:6)
  4 wights (D:7)
  A howler monkey (D:4)
  3 hounds
  4 orc priests
  6 jellies
  2 orc wizards (D:8)
  5 iguanas
  9 adders
  2 shadow imps
  2 white imps
  3 dart slugs
  11 orcs
  5 ball pythons
  4 endoplasms
  2 giant cockroaches
  4 goblins
  3 hobgoblins
  8 jackals
  3 kobolds
  3 quokkas
  3 bats
  A frilled lizard (D:3)
  8 rats
111 creatures vanquished.

Notes
Turn   | Place    | Note
-------+----------+-------------------------------------------
     0 | D:1      | hawla the Meteoran Conjurer began the quest for the Orb.
     0 | D:1      | Reached XP level 1. HP: 14/14 MP: 5/5
   111 | D:1      | Reached skill level 5 in Conjurations
   124 | D:1      | Reached XP level 2. HP: 9/20 MP: 0/6
   127 | D:1      | Learned a level 2 spell: Searing Ray
   184 | D:1      | Found a faded altar of an unknown god.
   500 | D:1      | Glimpsed the power of Zot.
   549 | D:2      | Reached XP level 3. HP: 13/26 MP: 5/8
  1100 | D:2      | Glimpsed the power of Zot.
  1150 | D:2      | Glimpsed the power of Zot.
  1203 | D:3      | Reached XP level 4. HP: 33/33 MP: 3/9
  1215 | D:3      | Learned a level 4 spell: Iskenderun's Mystic Blast
  1221 | D:3      | Found Ranneic's Weapon Shop.
  1224 | D:3      | Reached skill level 6 in Conjurations
  1257 | D:3      | Noticed Sigmund
  1263 | D:3      | Killed Sigmund
  1264 | D:3      | Reached skill level 7 in Conjurations
  1264 | D:3      | Reached XP level 5. HP: 28/38 MP: 1/10
  1264 | D:3      | Reached XP level 6. HP: 33/45 MP: 1/11
  1393 | D:3      | Found a radiant altar of Vehumet.
  1393 | D:3      | Found a bloodstained altar of Trog.
  1393 | D:3      | Found a white marble altar of Elyvilon.
  1397 | D:3      | Became a worshipper of Vehumet
  1411 | D:3      | Found a burning altar of Makhleb.
  1701 | D:3      | Glimpsed the power of Zot.
  1784 | D:4      | Learned a level 3 spell: Vampiric Draining
  1843 | D:4      | Reached skill level 1 in Necromancy
  1843 | D:4      | Reached XP level 7. HP: 40/50 MP: 1/13
  2087 | D:4      | Reached skill level 8 in Conjurations
  2301 | D:4      | Glimpsed the power of Zot.
  2338 | D:5      | Entered Level 5 of the Dungeon
  2349 | D:4      | Reached * piety under Vehumet
  2349 | D:4      | Offered knowledge of Shock by Vehumet.
  2455 | D:5      | Reached XP level 8. HP: 55/57 MP: 10/15
  2813 | D:5      | Reached skill level 5 in Spellcasting
  2871 | D:5      | Noticed Pikel
  2900 | D:5      | Glimpsed the power of Zot.
  3150 | D:6      | HP: 2/58 [centaur/arrow (16)]
  3156 | D:6      | Reached skill level 1 in Fighting
  3156 | D:6      | Reached skill level 9 in Conjurations
  3416 | D:6      | Found an opulent altar of Gozag.
  3423 | D:6      | Reached skill level 5 in Dodging
  3423 | D:6      | Gained mutation: You passively map the area around you.
                  | [Meteoran growth]
  3423 | D:6      | Reached XP level 9. HP: 55/64 MP: 11/19
  3428 | D:6      | Learned a level 4 spell: Airstrike
  3501 | D:6      | Glimpsed the power of Zot.
  3543 | D:7      | Reached skill level 1 in Air Magic
  3699 | D:7      | Found a staircase to the Ecumenical Temple.
  3721 | D:7      | Identified the +2 leather armour "Lesail" {rElec rF+}
  3807 | D:7      | Noticed Menkaure
  3813 | D:7      | Killed Menkaure
  3819 | D:7      | Learned a level 4 spell: Olgreb's Toxic Radiance
  3853 | D:7      | Offered knowledge of Scorch by Vehumet.
  3854 | D:7      | Reached skill level 1 in Poison Magic
  3854 | D:7      | Reached ** piety under Vehumet
  4007 | D:8      | Reached XP level 10. HP: 39/72 MP: 1/22
  4016 | D:7      | Learned a level 2 spell: Scorch
  4059 | D:8      | Found a transporter.
  4067 | D:8      | Slain by a yak

Illustrated notes

Levels and vault maps discovered:
D:1:      lemuel_arrival_room, layout_basic, serial_forest,
          infiniplex_forest_lined_corner, infiniplex_forest_clump_C,
          infiniplex_forest_lined_3, infiniplex_forest_clump_small,
          infiniplex_forest_lined_room_2, basic_ecumenical_altar
D:2:      layout_basic
D:3:      layout_basic, nicolae_overflow_quartered_altars, serial_shops,
          nicolae_shop_bloodbath_and_beyond, uniq_sigmund,
          uniq_crazy_yiuf_cottage
D:4:      layout_cave_pods
D:5:      layout_loops_ring, uniq_pikel
D:6:      layout_loops_ring, grunt_gozag_statues, lemuel_tele_altar,
          mainiacjoe_overflow_24_doors, minivault_10, centaur_isle, uniq_grinder
D:7:      hellmonk_ruined_rings, layout_cave_pools,
          minmay_temple_entry_large_hall, uniq_menkaure
D:8:      layout_basic, gammafunk_temple_of_torment, special_room
          [special_room_orc], gammafunk_ghost_wrathful_warriors

Skill      XL: |  1  2  3  4  5  6  7  8  9 |
---------------+----------------------------+-----
Conjurations   | 5 7 8 9 |  9.9
Dodging        | 3 5 |  5.6
Translocations | 2 3 4 |  4.5
Spellcasting   | 3 4 6 7 |  7.7
Necromancy     | 1 2 |  2.5
Fighting       | 1 |  1.5
Air Magic      | 4 |  4.1
Poison Magic   | 2 |  2.0
Stealth        | |  1.4

Action                   |  1- 3 |  4- 6 |  7- 9 | 10-12 || total
-------------------------+-------+-------+-------+-------++-------
Melee: Unarmed           |    17 |       |    27 |     2 ||    46
       Punch             |       |       |     1 |       ||     1
 Cast: Magic Dart        |    14 |     9 |    22 |       ||    45
       Searing Ray       |    12 |    16 |    29 |     1 ||    58
       Iskenderun's Myst |       |     1 |    31 |     3 ||    35
       Vampiric Draining |       |       |     3 |       ||     3
       Airstrike         |       |       |     7 |       ||     7
       Olgreb's Toxic Ra |       |       |     2 |     1 ||     3
       Scorch            |       |       |       |     1 ||     1
  Use: Scroll            |     4 |     1 |     4 |     2 ||    11
       Potion            |       |       |     6 |     1 ||     7
Armor: Robe              |     7 |       |    23 |     5 ||    35
Dodge: Dodged            |    23 |     6 |    55 |    13 ||    97
